 Dungeon Crawl Stone Soup version 0.16-a0-3496-g6490362 (webtiles) character file.

19379 PolkaDot the Unseen (level 12, 0/78 HPs)
             Began as a Vampire Assassin on Jan 5, 2015.
             Slain by a river rat (4 damage)
             ... on level 7 of the Lair of Beasts.
             The game lasted 00:50:16 (14136 turns).

PolkaDot the Unseen (Vampire Assassin)             Turns: 14136, Time: 00:50:17

Health: 0/78       AC: 12    Str: 13    XL:     12   Next: 36%
Magic:  28/37      EV: 11    Int: 13    God:
Gold:   660        SH:  7    Dex: 19    Spells: 0 memorised, 11 levels left

rFire  + . .     SeeInvis +     a - +2 rapier (freeze)
rCold  + + .     Clarity  .     F - +3 leather armour {rF+}
rNeg   + + +     SustAb   .     H - +2 buckler {AC+3}
rPois  ∞         Gourm    .     v - +1 hat
rElec  +         Spirit   .     d - +0 cloak
rCorr  .         Warding  .     m - -1 pair of gloves "Unuec" {+Inv rElec Slay+3}
rMut   .         Stasis   .     M - +0 pair of boots (curse)
MR     +....                    (no amulet)
Stlth  ++++......               r - ring of magical power
                                y - +3 ring of strength

@: lethally poisoned, contaminated, bloodless, non-regenerating, glowing,
somewhat resistant to hostile enchantments, stealthy
A: bottle blood, fangs 3, see invisible, unbreathing
a: Bat Form, Evoke Invisibility


You were on level 7 of the Lair of Beasts.
You were bloodless.

You visited 2 branches of the dungeon, and saw 16 of its levels.
You also visited: Volcano.

You collected 660 gold pieces.

Inventory:

Hand weapons
 a - a +2 rapier of freezing (weapon)
 b - a +1 blowgun
 n - a +6 scimitar of flaming
Missiles
 e - 25 poisoned needles
 f - 9 curare-tipped needles
Armour
 d - a +0 cloak (worn)
 m - the -1 pair of gloves "Unuec" (worn) {+Inv rElec Slay+3}
   (You found it on level 4 of the Dungeon)

   It affects your accuracy and damage with ranged weapons and melee attacks
   (+3).
   It insulates you from electricity.
   It lets you turn invisible.
 v - a +1 hat (worn)
 F - a +3 leather armour of fire resistance (worn)
 H - a +2 buckler of protection (worn)
 M - a cursed +0 pair of boots (worn)
Jewellery
 r - a ring of magical power (right hand)
 y - a +3 ring of strength (left hand)
Magical devices
 l - a wand of flame (36)
 o - a wand of draining (11)
 s - a wand of frost (20)
 B - a wand of slowing (21)
 C - a wand of flame (24)
 D - a wand of paralysis (6)
 G - a wand of digging (5)
 J - a wand of slowing (34)
Scrolls
 h - a scroll of immolation
 k - 6 scrolls of remove curse
 w - a scroll of fear
 A - a scroll of summoning
 E - 3 scrolls of fog
 I - 2 scrolls of enchant weapon
 K - a scroll of amnesia {unknown}
 L - a scroll of enchant armour
 N - a scroll of silence {unknown}
Potions
 c - a potion of mutation {!q}
 i - 2 potions of restore abilities
 j - a potion of magic {unknown}
 q - 5 potions of blood {@*1}
 u - 3 potions of berserk rage
 x - a potion of lignification
 z - 3 potions of resistance


   Skills:
 - Level 2.0 Fighting
 + Level 11.7 Short Blades
 - Level 1.5 Throwing
 - Level 1.1 Dodging
 + Level 16.0 Stealth
 - Level 1.8 Shields
 * Level 13.6 Evocations


You had 11 spell levels left.
You didn't know any spells.

Dungeon Overview and Level Annotations

Branches:
Dungeon (9/15)               Lair (8/8) D:8           Snake (0/5) Lair:3
  Slime (0/6) Lair:8
 Temple: D:4-7        Swamp: Lair:3-6    Shoals: Lair:3-6       Orc: D:9-12

Altars:
Makhleb
Ru
Sif Muna
Xom
Zin
The Shining One

Shops:
D:5 !   D:6 ?

Annotations:
D:3 Grinder
D:4 Tux's ghost, experienced HOFi
Lair:3 exclusions: downstairs, naga and 7 more exclusions
Lair:7 Rupert


Innate Abilities, Weirdness & Mutations

You do not heal naturally.
You can bottle blood from corpses.
You have razor-sharp teeth.
You have supernaturally acute eyesight.
You can survive without breathing.


Message History

Your ring of magical power unmelds from your body.
It glows with a cold blue light!
You feel protected.
You feel resistant to fire.
You feel stronger.
You feel your magic capacity increase. You block the river rat's attack.
Drink which item? (? for menu, Esc to quit)
Okay, then.
Drink which item? (? for menu, Esc to quit)
Okay, then.
Unknown command.
You hit the river rat. You freeze the river rat.
You bite the river rat, but do no damage.
The river rat is severely wounded.
You block the river rat's attack.
You barely miss the river rat. Your bite misses the river rat.
The river rat is severely wounded.
You closely miss the river rat.
The river rat is severely wounded.
The river rat bites you.
You die...

........###...PP#.## ##....<...#.
..(.............P..# ##.#......#.
...................###.#.......P.
....##..............###.#.......P
....#.#.......P..#.##...........#
.....#..(.P...PPP..%.......#....#
..........................P##....
...............r..(....(...#.....
................@.....#..........
.............##.P#...............
....#.#......##..P....#..........
..............##.................
...P.#...........................
PP..###..........?...............
P.........(...................#..
.P..>.......#...............[..#.
#........P.#.....................


You could see a river rat.

Vanquished Creatures
  Maud (Lair:6)
  A red draconian (Volcano)
  Harold (Lair:2)
  A catoblepas (Lair:8)
  Pikel (D:5)
  A griffon (Lair:6)
  A black mamba (Lair:7)
  6 spiny frogs
  A fire drake (Lair:8)
  9 komodo dragons
  2 two-headed ogres (Volcano)
  9 blink frogs
  Prince Ribbit (D:5)
  2 polar bears (Lair:6)
  9 yaks (Lair:8)
  5 hippogriffs
  A deep elf fighter (Volcano)
  A hungry ghost (D:8)
  5 vampire mosquitoes (Lair:8)
  4 wolves (Lair:7)
  5 porcupines
  5 water moccasins
  4 ogres (D:5)
  An orc warrior (Volcano)
  2 centaurs (D:6)
  7 crocodiles
  A boring beetle (Lair:7)
  The ghost of wojtek the Cutter, an average KoAs (D:3)
  21 giant frogs
  An iguana (D:5)
  5 hounds
  A jelly (D:6)
  2 giant frog skeletons
  A centaur skeleton (D:4)
  4 worker ants
  2 orc wizards
  10 sheep
  Ijyb (D:5)
  A hound zombie (D:5)
  14 adders
  48 river rats
  4 gnolls (D:2)
  2 worms
  2 giant mites
  An adder skeleton (D:4)
  5 giant geckos
  2 oozes (D:1)
  12 orcs
  5 giant cockroaches
  9 goblins
  14 hobgoblins
  5 jackals
  13 kobolds
  13 bats
  A giant gecko skeleton (D:4)
  4 giant newts
  A giant spore (D:9)
  5 quokkas
  13 rats
  A ballistomycete (D:9)
311 creatures vanquished.

Vanquished Creatures (others)
  A slave (D:5)
  An adder (D:9)
  A giant mite (D:5)
  An orc (D:3)
  A kobold (D:5)
  32 fungi
  16 plants
53 creatures vanquished.

Grand Total: 364 creatures vanquished

Notes
Turn   | Place    | Note
--------------------------------------------------------------
     0 | D:1      | PolkaDot, the Vampire Assassin, began the quest for the Orb.
     0 | D:1      | Reached XP level 1. HP: 16/16 MP: 1/1
    28 | D:1      | Reached skill level 6 in Stealth
   137 | D:1      | Reached XP level 2. HP: 17/22 MP: 2/2
   514 | D:1      | Reached XP level 3. HP: 23/27 MP: 3/3
   827 | D:2      | Reached skill level 1 in Shields
   975 | D:2      | Reached XP level 4. HP: 11/33 MP: 4/4
  1216 | D:2      | Found a burning altar of Makhleb.
  1218 | D:2      | Noticed a green death
  1231 | D:2      | Noticed a neqoxec
  1231 | D:2      | Noticed a hellwing
  1422 | D:2      | Reached skill level 7 in Stealth
  1834 | D:2      | Found a deep blue altar of Sif Muna.
  2177 | D:2      | Reached XP level 5. HP: 28/38 MP: 5/5
  2393 | D:3      | Noticed wojtek's ghost (average KoAs)
  2836 | D:3      | Noticed Grinder
  2854 | D:3      | Paralysed by Grinder for 7 turns
  2964 | D:4      | Noticed Tux's ghost (experienced HOFi)
  3117 | D:4      | Got a pair of scorched gloves
  3123 | D:4      | Identified the cursed -1 pair of gloves "Unuec" {+Inv rElec Slay+3} (You found it on level 4 of the Dungeon)
  3160 | D:3      | Killed wojtek's ghost
  3160 | D:3      | Reached skill level 5 in Short Blades
  3160 | D:3      | Reached skill level 1 in Evocations
  3378 | D:3      | Reached XP level 6. HP: 28/44 MP: 3/7
  3474 | D:3      | Found a glowing silver altar of Zin.
  4324 | D:5      | Entered Level 5 of the Dungeon
  4338 | D:5      | Noticed Pikel
  4473 | D:5      | Killed Pikel
  4473 | D:5      | Reached skill level 8 in Stealth
  4473 | D:5      | Reached XP level 7. HP: 50/50 MP: 8/12
  4474 | D:5      | Reached skill level 9 in Stealth
  4543 | D:5      | Reached skill level 5 in Evocations
  4543 | D:5      | Reached XP level 8. HP: 56/56 MP: 12/14
  4737 | D:5      | Noticed Ijyb
  4739 | D:5      | Killed Ijyb
  4759 | D:5      | Found a sacrificial altar of Ru.
  5023 | D:5      | Noticed Prince Ribbit
  5029 | D:5      | Killed Prince Ribbit
  5029 | D:5      | Reached skill level 10 in Stealth
  5042 | D:5      | Found a shimmering altar of Xom.
  5064 | D:5      | Found Shebleci's Distillery.
  5496 | D:6      | Reached XP level 9. HP: 50/61 MP: 18/18
  5520 | D:6      | Found Tatetu's Magic Scroll Shoppe.
  5738 | D:6      | You fall through a shaft for 3 floors!
  5997 | D:8      | Noticed a komodo dragon
  6016 | D:8      | Killed a komodo dragon
  6016 | D:8      | Reached skill level 11 in Stealth
  6027 | D:8      | Found a staircase to the Lair.
  6062 | Lair:1   | Entered Level 1 of the Lair of Beasts
  6112 | Lair:1   | Found a dark tunnel.
  6118 | Volcano  | Entered a volcano
  6184 | Volcano  | Found a bloodstained altar of Trog.
  6184 | Volcano  | Noticed a red draconian
  6217 | Volcano  | Killed a red draconian
  6217 | Volcano  | Reached skill level 12 in Stealth
  6219 | Volcano  | Reached XP level 10. HP: 67/67 MP: 22/22
  6390 | Lair:2   | Noticed Harold
  6399 | Lair:2   | Killed Harold
  6597 | Lair:2   | Reached skill level 10 in Evocations
  6935 | Lair:3   | Found a staircase to the Snake Pit.
  7122 | Lair:4   | Reached skill level 13 in Stealth
  7586 | Lair:5   | Noticed an elephant
  7587 | Lair:5   | Noticed an elephant
  7588 | Lair:5   | Noticed an elephant
  7589 | Lair:5   | Noticed an elephant
  7850 | Lair:6   | Found a glowing golden altar of the Shining One.
  7874 | Lair:6   | Noticed an eight-headed hydra
  7890 | Lair:6   | Noticed Maud
  7910 | Lair:6   | Killed Maud
  7910 | Lair:6   | Reached skill level 10 in Short Blades
  8433 | Lair:6   | Reached XP level 11. HP: 72/72 MP: 25/25
  8529 | Lair:6   | Noticed an eight-headed hydra
  9256 | Lair:6   | Noticed a four-headed hydra
  9294 | Lair:6   | Reached skill level 14 in Stealth
  9930 | Lair:6   | Noticed a black mamba
 10223 | Lair:7   | Noticed Rupert
 11576 | Lair:7   | Paralysed by Rupert for 4 turns
 11649 | Lair:8   | Entered Level 8 of the Lair of Beasts
 11885 | Lair:8   | Reached skill level 15 in Stealth
 11897 | Lair:8   | Noticed an eight-headed hydra
 12545 | Lair:8   | Noticed a catoblepas
 12549 | Lair:8   | Killed a catoblepas
 12825 | Lair:8   | Reached XP level 12. HP: 78/78 MP: 27/27
 13907 | Lair:8   | Reached skill level 16 in Stealth
 14081 | Lair:8   | Found a staircase to the Slime Pits.
 14109 | Lair:8   | Noticed a six-headed hydra
 14136 | Lair:7   | Slain by a river rat

Action                   |  1- 3 |  4- 6 |  7- 9 | 10-12 || total
-------------------------+-------+-------+-------+-------++-------
Melee: Dagger            |    91 |   265 |    96 |       ||   452
       Rapier            |       |       |    42 |   481 ||   523
       Scimitar          |       |       |       |     1 ||     1
 Fire: Blowgun           |     8 |       |       |       ||     8
 Abil: End Transformatio |       |     1 |       |     6 ||     7
       Bat Form          |       |     1 |       |     6 ||     7
       Evoke Invisibilit |       |     4 |     4 |    37 ||    45
       Turn Visible      |       |       |     3 |    24 ||    27
  Use: Potion            |     7 |    11 |     6 |    10 ||    34
       Scroll            |       |     8 |     9 |     9 ||    26
 Stab: Sleeping          |     6 |    17 |    19 |    36 ||    78
       Distracted        |       |     1 |       |     3 ||     4
       Invisible         |       |     5 |    13 |    51 ||    69
  Eat: Corpse            |     7 |       |       |     3 ||    10
